 Dungeon Crawl Stone Soup version 0.19.1 (webtiles) character file.

3038 Mefis the Thaumaturge (level 9, -1/48 HPs)
             Began as a Deep Elf Wizard on Dec 18, 2016.
             Slain by a warg (17 damage)
             ... on level 7 of the Dungeon.
             The game lasted 00:23:58 (8913 turns).

Mefis the Thaumaturge (Deep Elf Wizard)             Turns: 8913, Time: 00:23:59

Health: -1/48      AC:  5    Str:  7    XL:     9   Next: 56%
Magic:  2/24       EV: 14    Int: 29    God:
Gold:   150        SH:  6    Dex: 13    Spells: 9 memorised, 6 levels left

rFire  + . .     SeeInvis .     H - +9 trident of Invincibility {pierce, Int+2}
rCold  . . .     Gourm    .     U - +2 robe "Izaeng" {*Drain rElec rF+ Str+3}
rNeg   . . .     Faith    .     S - +2 buckler
rPois  .         Spirit   .     b - +0 hat
rElec  +         Reflect  .     (no cloak)
rCorr  .         Harm     .     u - +0 pair of gloves
MR     .....                    (no boots)
Stlth  ++++......               (no amulet)
                                r - ring of wizardry
                                n - ring of stealth

@: repel missiles
A: no striking features
a: no special abilities


You were on level 7 of the Dungeon.
You were not hungry.

You visited 1 branch of the dungeon, and saw 8 of its levels.

You collected 407 gold pieces.
You spent 257 gold pieces at shops.

Inventory:

Hand Weapons
 f - a +1 dagger of protection
 j - a +2 short sword of freezing
 H - the +9 trident of Invincibility (weapon) {pierce, Int+2}
   (You found it on level 4 of the Dungeon)

   It inflicts extra damage upon your enemies.
   It affects your intelligence (+2).
Missiles
 o - 2 silver javelins (quivered)
 t - 16 poisoned needles
Armour
 b - a +0 hat (worn)
 u - a +0 pair of gloves (worn)
 S - a +2 buckler (worn)
 U - the +2 robe "Izaeng" (worn) {*Drain rElec rF+ Str+3}
   (You bought it in a shop on level 7 of the Dungeon)

   It affects your strength (+3).
   It protects you from fire.
   It insulates you from electricity.
   It causes draining when unequipped.
Jewellery
 n - a ring of stealth (left hand)
 r - a ring of wizardry (right hand)
 C - an uncursed ring of see invisible
Wands
 y - a wand of digging (11/24)
 z - a wand of heal wounds (0/9)
 B - a wand of lightning (0/15)
 W - a wand of confusion (34/48)
Scrolls
 a - 6 scrolls of teleportation
 e - 3 scrolls of magic mapping
 g - 3 scrolls of remove curse
 k - a scroll of recharging {unknown}
 p - 2 scrolls of noise
 s - 3 scrolls of blinking
 v - a scroll of enchant armour {unknown}
 D - 4 scrolls of immolation
 E - 3 scrolls of enchant weapon
 G - 2 scrolls of random uselessness
 K - 2 scrolls of vulnerability
 Q - a scroll of amnesia
 R - a scroll of fog
Potions
 l - 8 potions of curing
 m - 2 potions of berserk rage {unknown}
 w - a potion of might {unknown}
 A - 6 potions of lignification
 F - a potion of magic {unknown}
 I - 2 potions of flight
 L - a potion of heal wounds {unknown}
 P - a potion of agility
 V - a potion of degeneration {unknown}
 X - a potion of cure mutation {unknown}
 Y - a potion of ambrosia {unknown}
 Z - a potion of haste {unknown}
Books
 c - a book of Minor Magic

   Spells                             Type                      Level
   a - Magic Dart                     Conjuration                  1
   b - Blink                          Translocation                2
   c - Call Imp                       Summoning                    2
   d - Repel Missiles                 Charms/Air                   2
   e - Slow                           Hexes                        2
   f - Conjure Flame                  Conjuration/Fire             3
   g - Mephitic Cloud                 Conjuration/Poison/Air       3
 M - a Young Poisoner's Handbook

   Spells                             Type                      Level
   a - Sting                          Conjuration/Poison           1
   b - Mephitic Cloud                 Conjuration/Poison/Air       3
   c - Olgreb's Toxic Radiance        Poison                       4
   d - Alistair's Intoxication        Transmutation/Poison         5
   e - Venom Bolt                     Conjuration/Poison           5
 N - a book of Conjurations

   Spells                             Type                      Level
   a - Magic Dart                     Conjuration                  1
   b - Searing Ray                    Conjuration                  2
   c - Dazzling Spray                 Conjuration/Hexes            3
   d - Fulminant Prism                Conjuration/Hexes            4
   e - Iskenderun's Mystic Blast      Conjuration                  4
   f - Iskenderun's Battlesphere      Conjuration/Charms           5
Comestibles
 d - 5 bread rations
 h - 3 chunks of flesh
 i - 2 slices of pizza
 J - 3 fruits
 O - 2 meat rations
 T - a royal jelly


   Skills:
 + Level 1.8 Fighting
 + Level 1.8 Polearms
 + Level 5.6 Dodging
 + Level 6.0 Stealth
 * Level 1.9 Shields
 * Level 9.6 Spellcasting
 + Level 5.0 Conjurations
 + Level 4.9 Hexes
 - Level 0.4 Charms
 - Level 1.1 Summonings
 - Level 1.1 Translocations
 - Level 3.0 Air Magic
 - Level 4.1 Poison Magic
 + Level 3.8 Evocations


You had 6 spell levels left.
You knew the following spells:

 Your Spells              Type           Power        Failure   Level  Hunger
a - Magic Dart            Conj           ####         1%          1    None
b - Call Imp              Summ           ###.....     2%          2    None
c - Blink                 Tloc           N/A          2%          2    None
d - Venom Bolt            Conj/Pois      #####.....   10%         5    ####...
e - Mephitic Cloud        Conj/Pois/Air  #####...     1%          3    None
f - Conjure Flame         Conj/Fire      ####....     3%          3    None
g - Slow                  Hex            #####...     1%          2    None
p - Repel Missiles        Chrm/Air       ###...       1%          2    None
s - Sting                 Conj/Pois      ####         1%          1    None


Dungeon Overview and Level Annotations

Branches:
Dungeon (8/15)             Temple (0/1) D:5
   Lair: D:8-11

Altars:
Dithmenos
Fedhas
Gozag
Nemelex Xobeh
Ru
Trog
Uskayaw
Vehumet
The Shining One

Shops:
D:7 *


Message History

The warg is heavily wounded.
The warg barely misses you.
Your crimson imp hits the warg.
You barely miss the warg.
The warg is heavily wounded.
The warg bites you!
Your crimson imp barely misses the warg.
The warg misses you.
You hit the warg but do no damage.
The warg is heavily wounded.
The warg bites you but does no damage.
Your crimson imp closely misses the warg.
The warg misses you.
You barely miss the warg.
The warg is heavily wounded.
Your crimson imp blinks!
You block the warg's attack.
You puncture the warg!
The warg is almost dead.
The warg misses you. The warg bites you!
You die...

###..# # #...##
####.### #....#
#.#### #.# ### ##.#
#.####
#######>.###....##
#@h.....5..#.##..#
#..ยง.......#.###.#
#..........#.###..
########...#......
###....###.
###.........
#......#####
#......##
##.>.....####


You could see a warg and a friendly crimson imp.

Vanquished Creatures
  Eustachio (D:5)
  The ghost of feelmyfire the Slasher, an amateur DsCK of Xom (D:4)
  A warg (D:7)
  An ice beast (D:7)
  An orc warrior (D:7)
  3 necrophages
  2 phantoms (D:7)
  5 ogres
  2 centaurs
  2 bullfrogs (D:7)
  2 scorpions
  A crimson imp (D:7)
  A bullfrog zombie (D:5)
  A centaur zombie (D:7)
  A jelly (D:6)
  3 bullfrog skeletons
  3 orc priests
  A hound (D:4)
  7 orc wizards
  Jessica (D:3)
  An iguana (D:4)
  5 worker ants
  A killer bee zombie (D:6)
  A hound skeleton (D:4)
  10 gnolls
  A howler monkey skeleton (D:6)
  11 adders
  A shadow imp (D:6)
  An ooze (D:5)
  4 worms
  5 dart slugs
  3 leopard geckos
  27 orcs
  8 giant cockroaches
  5 goblins
  8 hobgoblins
  13 jackals
  4 kobolds
  6 quokkas
  3 ball pythons
  11 bats
  5 frilled lizards
  A giant cockroach zombie (D:5)
  A leopard gecko skeleton (D:4)
  2 rats
178 creatures vanquished.

Vanquished Creatures (collateral kills)
  Sigmund (D:3)
  A warg (D:7)
  An adder (D:5)
  A hobgoblin (D:3)
  A quokka (D:3)
5 creatures vanquished.

Grand Total: 183 creatures vanquished

Notes
Turn   | Place    | Note
-------+----------+-------------------------------------------
     0 | D:1      | Mefis the Deep Elf Wizard began the quest for the Orb.
     0 | D:1      | Reached XP level 1. HP: 10/10 MP: 7/7
   183 | D:1      | Reached XP level 2. HP: 3/15 MP: 5/9
   187 | D:1      | Learned a level 2 spell: Call Imp
   190 | D:1      | Learned a level 2 spell: Blink
   193 | D:1      | Learned a level 2 spell: Repel Missiles
   950 | D:1      | Reached skill level 5 in Spellcasting
  1149 | D:2      | Reached XP level 3. HP: 19/19 MP: 5/11
  1154 | D:2      | Learned a level 3 spell: Mephitic Cloud
  1868 | D:2      | Reached XP level 4. HP: 16/24 MP: 8/13
  2163 | D:2      | Reached skill level 1 in Poison Magic
  2741 | D:3      | Found a hide-covered altar of Uskayaw.
  2741 | D:3      | Found a glowing golden altar of the Shining One.
  2741 | D:3      | Found a bloodstained altar of Trog.
  2750 | D:3      | Noticed Sigmund
  2899 | D:3      | Killed Sigmund
  2899 | D:3      | Reached skill level 6 in Spellcasting
  2899 | D:3      | Reached skill level 1 in Air Magic
  2899 | D:3      | Reached XP level 5. HP: 25/28 MP: 4/15
  3359 | D:3      | Noticed Jessica
  3365 | D:3      | Killed Jessica
  3365 | D:3      | Reached XP level 6. HP: 32/32 MP: 9/17
  3370 | D:3      | Learned a level 3 spell: Conjure Flame
  3373 | D:3      | Learned a level 2 spell: Slow
  3666 | D:3      | Found a blossoming altar of Fedhas.
  3789 | D:3      | You fall through a shaft!
  3979 | D:4      | Found a radiant altar of Vehumet.
  4036 | D:4      | Reached skill level 1 in Evocations
  4757 | D:4      | Reached skill level 7 in Spellcasting
  4757 | D:4      | Reached skill level 1 in Hexes
  4757 | D:4      | Reached XP level 7. HP: 36/36 MP: 7/19
  4765 | D:4      | Noticed feelmyfire's ghost (amateur DsCK)
  5431 | D:4      | Killed feelmyfire's ghost
  5477 | D:4      | Got a slimy trident
  5478 | D:4      | Identified the +9 trident of Invincibility {pierce, Int+2} (You found it on level 4 of the Dungeon)
  5991 | D:4      | Reached XP level 8. HP: 34/41 MP: 16/21
  6122 | D:5      | Entered Level 5 of the Dungeon
  6215 | D:5      | Reached skill level 8 in Spellcasting
  6323 | D:5      | Found a staircase to the Ecumenical Temple.
  6323 | D:5      | Noticed Eustachio
  6336 | D:5      | Killed Eustachio
  6336 | D:5      | Reached skill level 5 in Stealth
  6352 | D:5      | Learned a level 5 spell: Venom Bolt
  6354 | D:5      | Learned a level 1 spell: Sting
  6550 | D:4      | Found a shadowy altar of Dithmenos.
  6962 | D:5      | Reached skill level 5 in Dodging
  7240 | D:6      | Reached skill level 1 in Polearms
  7338 | D:6      | Reached skill level 9 in Spellcasting
  7423 | D:6      | Found an opulent altar of Gozag.
  7423 | D:6      | Found a sparkling altar of Nemelex Xobeh.
  7744 | D:7      | Reached XP level 9. HP: 44/46 MP: 4/24
  7880 | D:7      | Found Zoadde's Assorted Antiques.
  7884 | D:7      | Bought a shimmering robe for 119 gold pieces
  7894 | D:7      | Identified the +2 robe "Izaeng" {*Drain rElec rF+ Str+3} (You bought it in a shop on level 7 of the Dungeon)
  7904 | D:7      | Bought a bubbling coppery potion for 18 gold pieces
  7904 | D:7      | Bought a potion of curing for 63 gold pieces
  7904 | D:7      | Bought a scroll labeled HUISA HEOBB for 21 gold pieces
  7904 | D:7      | Bought a blue potion for 18 gold pieces
  7904 | D:7      | Bought a bubbling coppery potion for 18 gold pieces
  7927 | D:7      | Reached skill level 1 in Fighting
  8301 | D:7      | Reached skill level 1 in Shields
  8549 | D:7      | Found a sacrificial altar of Ru.
  8757 | D:7      | Reached skill level 5 in Conjurations
  8913 | D:7      | Slain by a warg

Skill      XL: |  1  2  3  4  5  6  7  8  9 |
---------------+----------------------------+-----
Spellcasting   | 5 6 7 9 |  9.6
Stealth        | 3 4 5 6 |  6.0
Dodging        | 3 4 5 |  5.6
Conjurations   | 2 3 4 5 |  5.0
Poison Magic   | 1 2 3 4 |  4.1
Air Magic      | 1 2 3 |  3.0
Evocations     | 1 2 3 |  3.8
Hexes          | 1 2 4 |  4.9
Polearms       | 1 |  1.8
Fighting       | 1 |  1.8
Shields        | 1 |  1.9
Charms         | |  0.4
Summonings     | |  1.1
Translocations | |  1.1

Action                   |  1- 3 |  4- 6 |  7- 9 || total
-------------------------+-------+-------+-------++-------
Melee: Dagger            |    21 |       |       ||    21
       Short sword       |    16 |    28 |     1 ||    45
       Trident           |       |       |   144 ||   144
 Cast: Magic Dart        |    65 |   118 |   150 ||   333
       Call Imp          |       |     8 |     6 ||    14
       Mephitic Cloud    |       |    11 |    13 ||    24
       Blink             |       |     2 |     3 ||     5
       Repel Missiles    |       |     2 |     1 ||     3
       Conjure Flame     |       |       |     5 ||     5
       Sting             |       |       |    63 ||    63
       Venom Bolt        |       |       |    11 ||    11
Evoke: Wand              |       |       |     6 ||     6
  Use: Scroll            |       |     2 |    12 ||    14
       Potion            |       |     1 |       ||     1
 Stab: Sleeping          |     3 |     4 |     5 ||    12
       Confused          |       |     2 |     6 ||     8
  Eat: Chunk             |     3 |     8 |    15 ||    26
Armor: Robe              |    14 |    17 |    23 ||    54
Dodge: Dodged            |    34 |    46 |   102 ||   182
       Deflected         |       |     1 |     1 ||     2
Block: Buckler           |       |       |     9 ||     9
